 Dungeon Crawl Stone Soup version 0.22-a0-377-g846bec1 (webtiles) character file.

4829 puppykicker the Slinger (level 10, -4/90 HPs)
             Began as a Halfling Arcane Marksman on Apr 27, 2018.
             Was a Follower of Wu Jian.
             Slain by a two-headed ogre
             ... wielding a +0 giant club
              (18 damage)
             ... on level 8 of the Dungeon.
             The game lasted 00:52:17 (11908 turns).

puppykicker the Slinger (Halfling Arcane Marksman) Turns: 11908, Time: 00:52:18

Health: -4/90      AC: 25    Str: 16    XL:     10   Next: 77%
Magic:  13/13      EV:  3    Int: 14    God:    Wu Jian [*.....]
Gold:   326        SH:  6    Dex: 16    Spells: 3/13 levels left

rFire    . . .     SeeInvis .   a - +0 long sword
rCold    . . .     Gourm    .   N - +0 buckler
rNeg     + + +     Faith    .   (armour currently unavailable)
rPois    +         Spirit   .   (helmet currently unavailable)
rElec    .         Reflect  .   (cloak currently unavailable)
rCorr    .         Harm     .   (gloves currently unavailable)
MR       .....     NoTele   +   (boots currently unavailable)
Stlth    +.........             (no amulet)
HPRegen  0.25/turn              (no ring)
MPRegen  0.13/turn              (no ring)

@: mighty, tree-form, very slightly contaminated
A: small, mutation resistance 1
a: Renounce Religion


You were on level 8 of the Dungeon.
You worshipped Wu Jian.
Wu Jian was aware of your devotion.
You were near starving.
You were a tree.
You visited 2 branches of the dungeon, and saw 9 of its levels.
You also visited: Sewer.

You collected 326 gold pieces.


Innate Abilities, Weirdness & Mutations

You are small and have problems with some larger weapons.
You are somewhat resistant to further mutation.


   Skills:
 - Level 2.0 Fighting
 - Level 1.6(6.3) Short Blades
 + Level 8.1(8.2) Long Blades
 - Level 12.0 Slings
 - Level 2.1 Armour
 - Level 3.2 Dodging
 * Level 5.1 Shields
 - Level 2.0 Spellcasting
 - Level 5.2 Hexes
 - Level 2.2 Summonings
 - Level 2.0 Translocations


You had 3 spell levels left.
You knew the following spells:

 Your Spells              Type           Power        Failure   Level  Hunger
a - Slow                  Hex            ###.....     4%          2    ###....
b - Summon Butterflies    Summ           #.......     10%         1    ##.....
d - Cause Fear            Hex            ###.......   28%         4    #####..
f - Portal Projectile     Hex/Tloc       ##....       17%         3    ####...

Inventory:

Hand Weapons
 a - a +0 long sword (weapon)
 b - a +0 hunting sling
 w - a +1 dagger of venom
Missiles
 g - 238 stones
 i - 34 poisoned needles
 r - 2 steel tomahawks (quivered)
 t - 6 curare-tipped needles
 M - 5 tomahawks of returning
Armour
 e - a +2 cloak (melded)
 m - a +0 helmet (melded)
 n - a +2 robe of positive energy (melded)
 s - a +2 pair of gloves (melded)
 u - a +0 leather armour
 x - a cursed +0 ring mail
 N - a +0 buckler (worn)
Jewellery
 L - an uncursed ring of ice
Wands
 H - a wand of flame (9)
Scrolls
 c - 2 scrolls of blinking
 h - 6 scrolls of teleportation
 j - 2 scrolls of magic mapping
 l - a scroll of enchant armour
 o - a scroll of enchant weapon {unknown}
 p - 5 scrolls of remove curse
 q - 2 scrolls of immolation {!r}
 y - a scroll of fear
 B - a scroll of noise {unknown}
 D - 2 scrolls of fog
Potions
 d - 2 potions of might
 k - a potion of brilliance
 v - a potion of resistance
 C - a potion of haste
 F - 2 potions of lignification {!q}
 G - 2 potions of curing
Comestibles
 f - 13 rations
 z - 13 chunks of flesh {@w1}

Dungeon Overview and Level Annotations

Branches:
Dungeon (8/15)             Temple (1/1) D:4            Lair (0/6) D:8

Altars:
Ashenzari
Cheibriados
Dithmenos
Elyvilon
Fedhas
Gozag
Hepliaklqana
Nemelex Xobeh
Okawaru
Qazlal
Ru
Sif Muna
Uskayaw
Vehumet
Wu Jian
Xom
Yredelemnul
Zin
The Shining One

Shops:
D:5

} ....#.ooo.## *.......,*,,,,8,∩
..o...o##lg## ##.......,*,,,,,,,
...gg#.###..####........,*,,,,,,8
.......* ##...#..§...#.#,*,,,,,,,
...g...######..........#,,,,,,,,,
F......l..........#####.**,,,,,,,
....##.#####.......#*,*,**,,,,,,,
,,,,**....h..)######**,*,*,,,,,,,
,,,,**.##.#...)O♣.#**,*,**,,,,,,,
,,,***,..,#######..#**,*,*****,**
,,***,,.*,* *#..#,*,******,**
,*,,,,,,,,* *#.#*+***,,,,,,,
**,**,,,,,* *##*,,*,,,,,,,,
,,,**,,,,,** *,,*,,,,,,,,
,,*,,,,_,,,* ****,,,,,,,,
,,*,,,,,,,,* *,,,,,,,,
,,*,,,,,,,,* *,,,,,,,,


You could see a two-headed ogre and a hound.


Message History

The black bear bites you.
* * * LOW HITPOINT WARNING * * *
The black bear completely misses you. x2
Unknown command.
You slash the black bear!
You kill the black bear!
The Council accepts your kill.
Unknown command.
b - a +0 hunting sling (weapon)
Firing (i - inventory. (/) - cycle)
g - 239 stones (quivered)
Aim: a two-headed ogre, wielding a giant club and a dire flail You shoot a stone.
The stone hits the two-headed ogre but does no damage.
You feel mightier all of a sudden.
Okay, then.
a - a +0 long sword (weapon)
You slash the two-headed ogre!
The two-headed ogre is moderately wounded.
You block the two-headed ogre's attack. x2
The orc wizard gestures wildly while chanting.
The orc wizard blinks!
You slash the two-headed ogre!
The two-headed ogre is moderately wounded.
The two-headed ogre hits you but does no damage. x2
A hound comes into view.
The hound barks!
You hit the two-headed ogre.
The two-headed ogre is heavily wounded.
The two-headed ogre hits you with a giant club!!
You die...

Action                   |  1- 3 |  4- 6 |  7- 9 | 10-12 || total
-------------------------+-------+-------+-------+-------++-------
Melee: Short sword       |    23 |     2 |       |       ||    25
       Long sword        |       |    30 |   515 |   179 ||   724
       Dagger            |       |    38 |       |       ||    38
 Fire: Hunting sling     |    69 |   151 |   144 |     9 ||   373
Throw: Stone             |       |     1 |       |       ||     1
 Cast: Slow              |       |       |    13 |     8 ||    21
       Corona            |       |       |     8 |       ||     8
       Summon Butterflie |       |       |       |     4 ||     4
       Portal Projectile |       |       |       |     1 ||     1
Invok: Lunge             |       |       |     7 |     7 ||    14
       Whirlwind         |       |       |       |     6 ||     6
Evoke: Wand              |       |       |     4 |     4 ||     8
  Use: Scroll            |     2 |     6 |     9 |     3 ||    20
       Potion            |       |     7 |     6 |     8 ||    21
 Stab: Distracted        |       |       |     1 |       ||     1
       Sleeping          |       |       |     1 |     2 ||     3
       Invisible         |       |       |       |     9 ||     9
  Eat: Chunk             |       |     5 |    27 |     7 ||    39
Armor: Robe              |     5 |    22 |   158 |    34 ||   219
       Skin              |       |    12 |       |     8 ||    20
Dodge: Dodged            |    43 |    86 |   517 |   109 ||   755
Block: Buckler           |       |       |       |    60 ||    60
       Rpst.: Long sword |       |     9 |   146 |    23 ||   178

Vault maps used:
D:1:      roderic_dead_forest
D:2:      grunt_qazlal_sundering, lemuel_crystal_altar
D:3:      tso_altar, nicolae_overflow_hidden_temple, uniq_robin, uniq_terence,
          uniq_sigmund, uniq_jessica
D:4:      lemuel_temple_firewalk_b, gup_sewer_entry_glass, uniq_eustachio
D:5:      vehumet_altar_wand_db, serial_shops, kennysheep_mini, first_ration
D:6:      led_sif_book, lemuel_coloured_pillars_altar,
          nicolae_overflow_crystal_walls, corexii_hall_statues_x, uniq_pikel
D:7:      nemelex_altar_shiori
D:8:      trog_ov_bears_minmay, kiku_gazebo_garden_becter,
          makhleb_heckhound_becter, grunt_lair_entry_orc_guard_hut,
          nicolae_ossuary_entry_monument, minmay_shop_grid_forest,
          hangedman_pestilent_swarm
Temple:   zaba_magenta_temple
Sewer:    sewer_co_scattered_pipes

Notes
Turn   | Place    | Note
-------+----------+-------------------------------------------
     0 | D:1      | puppykicker the Halfling Arcane Marksman began the quest for the Orb.
     0 | D:1      | Reached XP level 1. HP: 12/12 MP: 2/2
    22 | D:1      | Reached skill level 1 in Fighting
    27 | D:1      | Reached XP level 2. HP: 13/18 MP: 3/3
    32 | D:1      | Learned a level 2 spell: Slow
   263 | D:1      | Reached XP level 3. HP: 20/23 MP: 4/4
   448 | D:1      | Reached skill level 4 in Slings
   716 | D:2      | Reached XP level 4. HP: 28/28 MP: 5/5
   764 | D:2      | Found a hide-covered altar of Uskayaw.
   780 | D:2      | Reached skill level 1 in Armour
  1060 | D:2      | Found a stormy altar of Qazlal.
  1243 | D:3      | Noticed Sigmund
  1575 | D:3      | Noticed Terence
  1597 | D:3      | Killed Terence
  1597 | D:3      | Reached XP level 5. HP: 28/33 MP: 5/7
  1611 | D:3      | Reached skill level 1 in Long Blades
  1636 | D:3      | Reached skill level 1 in Short Blades
  1727 | D:3      | HP: 3/33 [Sigmund/magic dart (7)]
  1728 | D:3      | Killed Sigmund
  1728 | D:3      | Reached skill level 2 in Long Blades
  1728 | D:3      | Reached skill level 5 in Slings
  1728 | D:3      | Reached skill level 3 in Dodging
  1728 | D:3      | Reached skill level 3 in Hexes
  1728 | D:3      | Reached XP level 6. HP: 3/39 MP: 8/8
  2235 | D:3      | Found a glowing golden altar of the Shining One.
  2263 | D:3      | Reached skill level 2 in Fighting
  2362 | D:3      | Learned a level 3 spell: Portal Projectile
  2405 | D:3      | Noticed Robin
  2440 | D:3      | Killed Robin
  2440 | D:3      | Reached XP level 7. HP: 20/45 MP: 9/9
  2776 | D:3      | Found an ornate altar of the Wu Jian Council.
  2856 | D:3      | Noticed Jessica
  2868 | D:3      | Killed Jessica
  2868 | D:3      | Reached skill level 2 in Armour
  3280 | D:4      | Reached skill level 6 in Slings
  3280 | D:4      | Reached skill level 2 in Spellcasting
  3280 | D:4      | Reached skill level 1 in Translocations
  3286 | D:4      | Learned a level 4 spell: Cause Fear
  3391 | D:4      | Found a staircase to the Ecumenical Temple.
  3449 | Temple   | Entered the Ecumenical Temple
  3742 | D:4      | Found a glowing drain.
  3846 | Sewer    | Entered a sewer
  4563 | Sewer    | Reached skill level 3 in Long Blades
  4763 | D:4      | Noticed ReploidZero's ghost (amateur DrCj)
  4945 | D:4      | Killed ReploidZero's ghost
  4945 | D:4      | Reached skill level 7 in Slings
  4945 | D:4      | Reached XP level 8. HP: 19/50 MP: 11/11
  5248 | D:4      | Reached skill level 2 in Translocations
  5391 | D:4      | Noticed Eustachio
  5420 | D:4      | Killed Eustachio
  5420 | D:4      | Reached skill level 4 in Long Blades
  6053 | D:4      | Reached skill level 8 in Slings
  6473 | D:5      | Entered Level 5 of the Dungeon
  6543 | D:5      | Reached skill level 4 in Hexes
  6741 | D:5      | Reached skill level 5 in Long Blades
  7004 | D:5      | Reached XP level 9. HP: 54/54 MP: 12/12
  7147 | D:5      | Reached skill level 9 in Slings
  7719 | D:5      | Found a radiant altar of Vehumet.
  7938 | D:3      | Became a worshipper of the Wu Jian Council
  8186 | D:5      | Found Veweg's Gadget Emporium.
  8438 | D:6      | Found a sacrificial altar of Ru.
  8498 | D:6      | Noticed Pikel
  8662 | D:5      | Killed Pikel
  8662 | D:5      | Reached skill level 6 in Long Blades
  8662 | D:5      | Reached skill level 10 in Slings
  9463 | D:6      | Found a deep blue altar of Sif Muna.
  9478 | D:6      | Identified Sif Muna's Catalogue of Summoning
  9720 | D:6      | Found a shadowy altar of Dithmenos.
  9974 | D:7      | Reached skill level 5 in Hexes
 10024 | D:7      | Reached skill level 7 in Long Blades
 10024 | D:7      | Reached skill level 11 in Slings
 10244 | D:7      | Learned a level 1 spell: Summon Butterflies
 10274 | D:7      | Noticed a hippogriff
 10288 | D:7      | Killed a hippogriff
 10288 | D:7      | Reached XP level 10. HP: 59/60 MP: 13/13
 10344 | D:7      | Reached skill level 1 in Shields
 10345 | D:7      | Reached * piety under Wu Jian
 10555 | D:7      | Reached skill level 1 in Summonings
 10746 | D:7      | Reached skill level 2 in Shields
 11052 | D:7      | Found a sparkling altar of Nemelex Xobeh.
 11116 | D:7      | HP: 1/60 [hippogriff (8)]
 11123 | D:7      | HP: 9/90 [hippogriff (2)]
 11692 | D:8      | Noticed a two-headed ogre
 11779 | D:8      | Reached skill level 3 in Shields
 11809 | D:8      | Noticed a two-headed ogre
 11837 | D:8      | Killed a two-headed ogre
 11837 | D:8      | Reached skill level 4 in Shields
 11837 | D:8      | Reached skill level 2 in Summonings
 11845 | D:8      | Reached skill level 12 in Slings
 11848 | D:8      | Reached skill level 8 in Long Blades
 11896 | D:8      | Reached skill level 5 in Shields
 11908 | D:8      | Slain by a two-headed ogre

Vanquished Creatures
  A two-headed ogre (D:8)
  Pikel (D:5)
  The ghost of ReploidZero the Conjurer, an amateur DrCj (D:4)
  2 hippogriffs (D:7)
  Sigmund (D:3)
  A wyvern (D:8)
  Eustachio (D:4)
  A hungry ghost (D:7)
  2 sky beasts
  An ice beast (D:5)
  A black bear (D:8)
  An orc warrior (D:8)
  A phantom (D:4)
  An ogre (D:5)
  A centaur (D:8)
  A big kobold (D:8)
  6 bullfrogs
  3 scorpions
  4 wights (D:8)
  2 crimson imps
  A bullfrog skeleton (D:4)
  2 hounds
  3 orc priests (D:7)
  Terence (D:3)
  Jessica (D:3)
  An iguana (D:5)
  4 worker ants
  9 orc wizards
  A hound zombie (D:5)
  A hound skeleton (D:5)
  A worker ant zombie (D:5)
  Robin (D:3)
  6 gnolls
  17 adders
  A shadow imp (D:7)
  An ooze (D:2)
  An adder skeleton (D:5)
  3 worms (D:3)
  A dart slug (D:2)
  6 leopard geckos
  28 orcs
  5 ball pythons
  8 giant cockroaches
  17 goblins
  15 hobgoblins
  22 jackals
  24 kobolds
  4 quokkas
  11 bats
  8 frilled lizards
  A jackal skeleton (D:4)
  7 rats
  A plant (Sewer)
246 creatures vanquished.

Vanquished Creatures (others)
  An orc wizard (D:4)
  An orc (D:6)
  4 fungi (D:8)
  A withered plant (D:8)
7 creatures vanquished.

Grand Total: 253 creatures vanquished
